 Dungeon Crawl Stone Soup version 0.30-a0-1074-g5db6f66fbb (webtiles) character file.

Game seed: 395196549870052084

568135 Pooter the Axe Maniac (level 25, -5/322 (364) HPs)
             Began as a Minotaur Berserker on Apr 9, 2023.
             Was a High Priest of Trog.
             Slain by a flayed ghost (19 damage)
             ... on level 5 of the Vaults on Apr 13, 2023.
             The game lasted 06:26:07 (100258 turns).

Pooter the Axe Maniac (Minotaur Berserker)        Turns: 100258, Time: 06:26:07

HP:   -5/322 (364)  AC: 25    Str: 25    XL:     25   Next: 55%
MP:   22/22         EV: 20    Int:  6    God:    Trog [*****.]
Gold: 5987          SH:  5    Dex: 17    Spells: 24/24 levels left

rFire   + + +      SeeInvis +    a - +7 executioner's axe (heavy)
rCold   . . .      Faith    .    (shield currently unavailable)
rNeg    . . .      Spirit   .    Z - +0 fire dragon scales
rPois   .          Reflect  +    V - +2 hat
rElec   .          Rampage  .    Y - scarf {harm}
rCorr   +          Harm     + .  X - +3 pair of gauntlets of War {Slay+5}
Will    +++..                    W - +2 pair of boots Stlth
                                 L - amulet "Esuullad" {Reflect rCorr SH+5}
HPRegen 1.73/turn                F - ring "Janereusta" {rF+ Slay+4}
MPRegen 0.18/turn                l - +4 ring of slaying

@: berserking (expiring), strong-willed, regenerating, heavily drained, very
quick
A: horns 2, retaliatory headbutt, iridescent scales 1, see invisible, cold
resistance 1, passive freeze
}: 3/15 runes: decaying, serpentine, silver
a: Renounce Religion, Berserk, Trog's Hand, Brothers in Arms


You were on level 5 of the Vaults.
You worshipped Trog.
Trog was extremely pleased with you.
You visited 10 branches of the dungeon, and saw 46 of its levels.
You visited 1 bazaar.
You visited 1 ziggurat, and saw 7 of its levels.
You also visited: Gauntlet, Ice Cave, Volcano and Wizlab.

You collected 8612 gold pieces.
You spent 2625 gold pieces at shops.

Inventory:

Hand Weapons
 a - a +7 heavy executioner's axe (weapon)
   (Trog gifted it to you on level 1 of the Vaults)
 b - a +6 arbalest of flaming
   (You bought it in a shop on level 1 of the Elven Halls)
 j - a +3 antimagic executioner's axe
   (Trog gifted it to you on level 1 of the Vaults)
Missiles
 e - 3 boomerangs of dispersal {!f}
 g - 13 curare-tipped darts
 i - 10 silver javelins
 k - 25 boomerangs (quivered)
Armour
 o - a +10 plate armour of willpower
   (You took it off an orc warrior on level 2 of the Orcish Mines)
 U - the +4 scale mail of the Storm King {rElec rPois Str-5 Dex-4}
   (You found it on level 15 of the Dungeon)

   Str:       It affects your strength (-5).
   Dex:       It affects your dexterity (-4).
   rElec:     It insulates you from electricity.
   rPois:     It protects you from poison.
 V - a +2 hat (worn)
   (You found it on level 5 of the Dungeon)
 W - a +2 pair of boots (worn)
   (You found it on level 2 of the Crypt)
 X - the +3 pair of gauntlets of War (worn) {Slay+5}
   (You bought it in a shop on level 2 of the Orcish Mines)

   Slay:      It affects your accuracy & damage with ranged weapons and melee
   (+5).
 Y - a scarf of harm (worn)
   (You found it on level 3 of the Swamp)
 Z - +0 fire dragon scales (worn)
   (You found it in a volcano)
Jewellery
 l - a +4 ring of slaying (right hand)
   (You found it on level 9 of the Dungeon)
 C - the ring "Tozoomas" {rCorr Str+4 Int+2 Slay+2}
   (You bought it in a shop on level 3 of the Elven Halls)

   [ring of resist corrosion]

   Str:       It affects your strength (+4).
   Int:       It affects your intelligence (+2).
   Slay:      It affects your accuracy & damage with ranged weapons and melee
   (+2).
   rCorr:     It protects you from acid and corrosion.
 E - a ring of flight
   (You found it in an ice cave)
 F - the ring "Janereusta" (left hand) {rF+ Slay+4}
   (You found it on level 4 of a ziggurat)

   [ring of slaying]

   Slay:      It affects your accuracy & damage with ranged weapons and melee
   (+4).
   rF:        It protects you from fire.
 G - the ring "Ymoupela" {rN+ SInv}
   (You found it on level 6 of a ziggurat)

   [ring of see invisible]

   rN:        It protects you from negative energy.
   SInv:      It lets you see invisible.
 H - a ring of protection from fire
   (You found it on level 13 of the Dungeon)
 I - a ring of protection from cold
   (You found it on level 13 of the Dungeon)
 L - the amulet "Esuullad" (around neck) {Reflect rCorr SH+5}
   (You acquired it on level 10 of the Dungeon)

   [amulet of reflection]

   It reflects blocked missile attacks.
   rCorr:     It protects you from acid and corrosion.
   SH:        It affects your SH (+5).
Wands
 d - a wand of iceblast (30)
   (You took it off Ijyb on level 3 of the Dungeon)
 f - a wand of flame (71)
   (You found it on level 4 of the Dungeon)
 u - a wand of paralysis (22)
   (You found it on level 4 of the Lair of Beasts)
 x - a wand of acid (46)
   (You found it on level 5 of the Dungeon)
 D - a wand of digging (25)
   (You found it in an ice cave)
 N - a wand of polymorph (37)
   (You found it on level 9 of the Dungeon)
 S - a wand of mindburst (46)
   (You found it on level 6 of the Dungeon)
Scrolls
 h - 15 scrolls of poison {!r}
 m - 6 scrolls of noise {!r}
 t - 24 scrolls of teleportation {@r4}
 v - 3 scrolls of silence
 w - 12 scrolls of fear
 A - 6 scrolls of magic mapping
 B - 11 scrolls of immolation {!r}
 J - 2 scrolls of blinking
 O - 2 scrolls of summoning
 R - a scroll of brand weapon
 T - 9 scrolls of fog
Potions
 c - 22 potions of curing {@q1}
 n - 6 potions of invisibility
 p - 12 potions of attraction {!q}
 q - 5 potions of cancellation
 r - 7 potions of mutation {!q}
 y - 3 potions of might
 z - 7 potions of haste {@q3}
 K - 9 potions of heal wounds {@q2}
 M - 4 potions of flight
 P - a potion of resistance
Miscellaneous
 s - a box of beasts
   (You found it on level 1 of the Snake Pit)
 Q - a tin of tremorstones (inert)
   (You found it on level 1 of the Tomb of the Ancients)


   Skills:
 + Level 23.5 Fighting
 O Level 27 Axes
 + Level 21.1 Ranged Weapons
 - Level 10.0 Throwing
 + Level 14.7 Armour
 + Level 18.1 Dodging
 + Level 15.3 Stealth
 - Level 13.9 Evocations


You had 24 spell levels left.
You didn't know any spells.
Your spell library was empty.

Dungeon Overview and Level Annotations

Branches:
Dungeon (15/15)            Temple (0/1) D:6            Lair (5/5) D:10
  Swamp (4/4) Lair:3        Snake (4/4) Lair:2        Slime (0/5) Lair:4
    Orc (2/2) D:10            Elf (3/3) Orc:2        Vaults (5/5) D:13
  Crypt (3/3) Vaults:2       Tomb (1/3) Crypt:3      Depths (4/4) D:15
    Zot (0/5) Depths:4      IceCv (visited)         Volcano (visited)
 WizLab (visited)         Gauntlet (visited)

Altars:
Ashenzari
Dithmenos
Elyvilon
Fedhas
Gozag
Hepliaklqana
Kikubaaqudgha
Trog
Uskayaw
Yredelemnul
Zin

Shops:
D:3 *   D:7 (   D:11 *   D:12 (   D:14 (   Orc:1 *   Orc:2 *([*[   Elf:1 (
Elf:3 =   Snake:1 [:=[[   Vaults:3 *   Vaults:4 (   Depths:2 **   Depths:4 *

Portals:
Hell: Depths:1 Depths:2 Depths:3 Depths:4
Abyss: Depths:3
Pandemonium: Depths:2
Trove: Vaults:3 (show slimy rune of Zot)

Annotations:
Elf:2 3 runed translucent doors
Depths:2 3 runed translucent doors, exclusion: obsidian statue, Futuid's ghost, veteran MfSu


Innate Abilities, Weirdness & Mutations

You have a pair of horns on your head.
You reflexively headbutt those who attack you in melee.
You are partially covered in iridescent scales. (AC +2)
You have supernaturally acute eyesight. (SInv)
Your flesh is cold resistant. (rC+)
A frigid envelope surrounds you and freezes all who hurt you.


Message History

You hear a shout!
Your ogre goes berserk!
The storm dragon breathes lightning at you.
The bolt of lightning misses you.
A freezing wraith comes into view.
You hear a shout! x2
A red film seems to cover your vision as you go berserk!
You feel yourself moving faster!
You feel mighty!
Your surroundings suddenly seem different.
A hell knight, a shadow dragon, a torpor snail, 2 giants, a flayed ghost, a yaktaur captain and 2 orcs come into view.
The hell knight is wielding a +0 battleaxe of flaming.
A fire giant is wielding a +1 great sword of flaming.
The yaktaur captain is wielding a +1 short sword of electrocution.
An ettin is wielding a +0 dire flail and a +2 dire flail of protection.
Found a manual of Armour, a silver rune of Zot and a condenser vane.
The torpor snail changes into a snapping turtle!
The yaktaur captain unwields a +1 short sword of electrocution.
It stops crackling.
The yaktaur captain wields a +0 arbalest.
The yaktaur captain shoots a bolt.
You block the bolt with an invisible shield... and reflect it back!
The bolt hits the yaktaur captain!!
A yaktaur captain and a phantasmal warrior come into view.
You feel a strong urge to attack something.
The yaktaur captain shouts!
You hear a shout!
The flayed ghost hits you but does no damage.
A vault sentinel comes into view. It is wielding a +0 morningstar.
The flayed ghost barely misses you.
The vault sentinel casts a spell at you.
You easily resist.
The yaktaur captain wields a +0 arbalest.
The yaktaur captain shoots a bolt.
The bolt hits you!!
* * * LOW HITPOINT WARNING * * *
The shadow dragon breathes negative energy at you.
The bolt of negative energy hits the flayed ghost.
The flayed ghost completely resists.
The bolt of negative energy hits you!!!
You feel drained.
* * * LOW HITPOINT WARNING * * *
The bolt of negative energy hits the orc wizard!!!
The orc wizard is drained!
The orc wizard dies!
You see here a silver rune of Zot.
You pick up the silver rune and feel its power. 3 runes!
That's enough to enter the realm of Zot.
Press } to see all the runes you have collected.
You feel your anger nearly subside.
You completely miss the flayed ghost. You headbutt the flayed ghost!!
You carve the yaktaur captain like a ham!!!
You kill the yaktaur captain!
Trog accepts your kill.
You hear a shout! x3
The flayed ghost hits you!
You die...

....#p..
........
.#..........#.
#..............
#....c..........
.....W....#.....
.....p.....#....
....C..}....#...
...D..).....#..
#...W@)o...#.
...#..C........
....#....:.....
#.....#.........
.......#t.......
...............p
#...............
.#..............
#..#........#.


You could see a shadow dragon (catching breath), a fire giant, a yaktaur
captain, an ettin, a hell knight, a snapping turtle shaped shifter, a flayed
ghost, a vault sentinel, a phantasmal warrior and an orc.

Vanquished Creatures
  2 dread liches
  An ancient lich (Vaults:4)
  Boris (Vaults:3)
  Vashnia (Snake:4)
  Bai Suzhen (Vaults:2)
  Frederick (Vaults:2)
  Saint Roka (Depths:1)
  4 caustic shrikes
  A golden dragon (Depths:4)
  3 bone dragons
  A Brimstone Fiend (Zig:7)
  The ghost of Loveship the Warrior, an adept HOFi of Beogh (Elf:3)
  The ghost of Midpoint the Brawler, an adept TrWr of Ru (Vaults:3)
  4 tentacled monstrosities
  A walking earthen tome (Depths:2)
  A walking frostbound tome (Depths:3)
  A lich (Crypt:3)
  5 deep elf master archers
  2 deep elf blademasters (Elf:3)
  2 searing wretches (Zig:7)
  7 sphinxes
  An acid blob (Zig:4)
  9 ancient champions
  A tengu reaver (Depths:2)
  3 shadow dragons
  7 thorn hunters
  4 fenstrider witches
  The ghost of Itobb the Severer, an adept FoFi of Okawaru (D:15)
  The ghost of Cyetsa the Severer, an adept FoFi of Okawaru (D:15)
  Donald (Vaults:2)
  2 draconian knights
  A storm dragon (Depths:1)
  5 fire giants
  5 revenants
  A rockslime (Zig:4)
  4 nagarajas (Snake:4)
  An iron dragon (Depths:4)
  7 frost giants
  7 deep elf sorcerers
  2 draconian scorchers
  3 balrugs
  A curse skull (Crypt:2)
  4 deep elf elementalists (Elf:3)
  Aizul (Snake:1)
  7 ghouls
  9 vault wardens
  15 ironbound preservers
  A cacodemon (Depths:4)
  Louise (Swamp:1)
  8 reapers
  2 orc warlords
  13 stone giants
  2 war gargoyles
  A draconian annihilator (Depths:4)
  8 ironbound thunderhulks
  A broodmother (shapeshifter) (Depths:2)
  27 very ugly things
  5 caustic shrike skeletons (Crypt:3)
  7 vampire knights
  9 eleionomae
  2 juggernaut skeletons (Crypt:3)
  7 deep elf demonologists (Elf:3)
  9 deep elf annihilators
  A minotaur (Gauntlet)
  3 yellow draconians
  6 bunyips
  12 dire elephants
  A purple draconian (Zig:3)
  A red draconian (Depths:4)
  9 spark wasps
  9 jiangshi
  3 crystal guardians (Vaults:4)
  A mummy priest (Tomb:1)
  5 fire dragons
  The ghost of Guh Rysug the Carver, a journeyman DsGl of Okawaru (D:15)
  2 merfolk impalers (Zig:6)
  8 deep elf death magi
  5 eidola
  Josephine (Lair:5)
  9 ettins
  The ghost of cheesebisquit the Grappler, a journeyman TrWr of Yredelemnul (D:12)
  10 yaktaur captains
  5 entropy weavers
  3 shambling mangroves
  6 great orbs of eyes
  6 deep elf high priests
  10 ice dragons
  35 vault guards
  4 salamander tyrants
  4 spriggan skeletons
  2 spriggan zombies (Crypt:2)
  Erolcha (D:13)
  2 ogre magi
  16 ironbound frosthearts
  A quicksilver dragon skeleton (Crypt:3)
  6 rakshasas
  4 peacekeepers
  34 hydras
  14 anacondas
  5 two-headed ogres
  3 death knights
  A two-headed ogre (shapeshifter) (Depths:4)
  A merfolk aquamancer (Zig:6)
  3 ghost crabs
  4 satyrs
  18 centaur warriors
  2 stokers (Zig:7)
  A boulder beetle (D:13)
  17 dancing weapons
  11 death yaks
  A fenstrider witch skeleton (Crypt:2)
  7 alligators
  9 naga warriors
  5 deep troll shamans
  A bennu skeleton (Crypt:1)
  The ghost of GigaChad the Carver, a novice FoFi of Gozag (D:9)
  10 deep troll earth magi
  4 tengu warriors
  5 vampire magi
  17 naga sharpshooters
  Nergalle (Orc:1)
  15 deep elf knights
  3 spriggan berserkers
  14 hell knights
  5 titan skeletons
  8 shock serpents
  7 soul eaters
  6 iron trolls
  3 sixfirhies
  41 skeletal warriors
  A shadow wraith (Crypt:3)
  An iron giant zombie (Crypt:1)
  4 sun demons
  5 goliath frogs
  61 deep trolls
  A skyshark (Lair:4)
  An elf simulacrum (Crypt:2)
  6 salamander mystics (Snake:4)
  2 anaconda zombies
  4 flayed ghosts
  A sea snake (Zig:6)
  12 swamp dragons
  An obsidian statue (Depths:4)
  11 bog bodies
  4 spriggan druids
  10 phantasmal warriors
  5 glowing orange brains
  29 deep elf pyromancers
  9 wizards
  8 harpies
  25 deep elf zephyrmancers
  8 naga ritualists
  A bunyip skeleton (Crypt:3)
  2 anaconda skeletons
  16 orc knights
  22 ironbound convokers
  16 lindwurms
  19 deep elf archers
  6 necromancers
  2 oklob plants
  A draconian zombie (Tomb:1)
  A broodmother zombie (Crypt:2)
  5 orc sorcerers
  A shining eye (Zig:4)
  2 will-o-the-wisps
  43 ugly things
  9 mana vipers
  18 salamanders
  5 cyclopes
  4 fauns (WizLab)
  A stone giant zombie (Crypt:1)
  4 wolf spiders (D:15)
  5 manticores
  A moth of wrath (shapeshifter) (Depths:2)
  3 moths of wrath
  Maurice (D:8)
  10 guardian serpents
  A merfolk siren (Zig:6)
  14 vault sentinels
  47 black mambas
  8 naga magi
  12 elephants
  An ice statue (IceCv)
  4 rust devils
  An eye of devastation (Depths:1)
  47 slime creatures
  A smoke demon (Depths:4)
  An orange demon (Depths:4)
  A cane toad (shapeshifter) (D:13)
  A torpor snail (Lair:5)
  A gargoyle (D:11)
  The ghost of oldplebian the Poker, a novice MfGl (D:5)
  13 cane toads
  An elephant slug zombie (Crypt:3)
  A centaur skeleton (Crypt:3)
  2 dire elephant skeletons (Crypt:2)
  A hellion (Depths:2)
  An orc skeleton (Crypt:3)
  3 unseen horrors
  An ice devil (Depths:2)
  28 yaktaurs
  5 rime drakes
  A kobold demonologist (D:12)
  4 tengu conjurers
  6 komodo dragons
  An efreet (D:13)
  3 red devils
  2 tormentors
  3 harpy zombies
  2 freezing wraiths
  5 guardian mummies (Tomb:1)
  A green draconian skeleton (Crypt:2)
  2 merfolk (Zig:6)
  14 trolls
  A hellwing (Depths:4)
  12 tyrant leeches
  A death drake skeleton (Crypt:3)
  4 bloated husks
  A shadow dragon simulacrum (Crypt:2)
  16 hornets
  14 polar bears
  An iron dragon simulacrum (Tomb:1)
  A tarantella zombie (Crypt:3)
  A snapping turtle (Zig:6)
  6 harpy skeletons
  34 blink frogs
  2 dream sheep (Lair:5)
  A centaur simulacrum (D:15)
  9 flying skulls
  2 vampires
  A culicivora (Vaults:3)
  10 wraiths
  4 shadows
  4 air elementals
  A culicivora (shapeshifter) (D:15)
  2 ynoxinuls (Depths:4)
  20 spriggans
  7 water elementals
  2 ushabtiu (Tomb:1)
  57 yaks
  13 wyverns
  Grum (D:7)
  A fire elemental (Elf:1)
  A human (D:13)
  10 steam dragons
  4 basilisks
  A wind drake skeleton (Crypt:3)
  3 vampire mosquitoes (D:12)
  7 redbacks
  A chaos spawn (Depths:2)
  6 wargs (Orc:2)
  A swamp worm (shapeshifter) (Depths:2)
  A glowing shapeshifter zombie (Vaults:3)
  26 nagas
  24 swamp worms
  2 acid dragons
  3 hell hounds (Volcano)
  A hydra simulacrum (Crypt:1)
  23 water moccasins
  A sky beast (D:7)
  A human zombie (Vaults:3)
  5 floating eyes (Depths:1)
  38 orc warriors
  A hornet zombie (D:8)
  2 ice beasts
  4 black bears
  An ettin simulacrum (Crypt:1)
  7 swamp drakes
  A centaur (shapeshifter) (Depths:4)
  12 ogres
  5 boggarts
  64 wolves
  An ogre (shapeshifter) (Elf:3)
  11 centaurs
  A snapping turtle skeleton (Crypt:2)
  4 kobold brigands
  3 phantoms
  A hog skeleton (Crypt:1)
  6 bullfrogs
  6 scorpions
  5 necrophages
  3 earth elementals
  A wyvern zombie (D:8)
  A glowing shapeshifter simulacrum (Vaults:3)
  A hornet simulacrum (D:14)
  24 wights
  A polar bear zombie (Crypt:1)
  10 killer bees
  5 howler monkeys
  12 orc priests
  10 hounds
  Crazy Yiuf (D:3)
  3 jellies
  3 gnoll boudas (D:7)
  Ijyb (D:3)
  7 hell rats (Lair:2)
  4 iguanas
  17 orc wizards
  2 wolf simulacra (D:9)
  2 yak simulacra (D:9)
  4 polar bear simulacra (D:9)
  An ogre skeleton (Crypt:3)
  7 mummies
  Robin (D:3)
  15 adders
  13 gnolls
  2 shadow imps
  2 white imps
  8 ufetubi
  A worm zombie (Crypt:3)
  A worm (D:3)
  2 dart slugs
  73 orcs
  5 bats
  4 endoplasms
  5 giant cockroaches
  11 goblins
  7 hobgoblins
  9 jackals
  22 kobolds
  6 quokkas
  3 training dummies (D:14)
  11 ball pythons
  3 frilled lizards
  A frilled lizard skeleton (Crypt:2)
  A frilled lizard zombie (Crypt:1)
  3 rats
  3 river rat simulacra (D:9)
2221 creatures vanquished.

Vanquished Creatures (collateral kills)
  A vault warden (Vaults:1)
  An ettin (D:12)
  A tengu warrior (D:12)
  A titan skeleton (Crypt:3)
  A deep elf archer (WizLab)
  A faun (WizLab)
  A merfolk (Zig:6)
  A troll (D:12)
  A snapping turtle (Zig:6)
  A hornet (WizLab)
10 creatures vanquished.

Vanquished Creatures (others)
  2 deep elf knights (Elf:3)
  A goliath frog (Swamp:2)
  2 deep elf zephyrmancers (Elf:3)
  A polar bear (IceCv)
  A water elemental (Elf:3)
  An orc wizard (Vaults:5)
  A goblin (D:3)
  19 demonic plants (Gauntlet)
  18 fungi
  35 plants
81 creatures vanquished.

Grand Total: 2312 creatures vanquished

Notes
Turn   | Place    | Note
-------+----------+-------------------------------------------
     0 | D:1      | Pooter the Minotaur Berserker began the quest for the Orb.
     0 | D:1      | Reached XP level 1. HP: 19/19 MP: 0/0
    18 | D:1      | Reached skill level 4 in Axes
    74 | D:1      | Reached XP level 2. HP: 20/27 MP: 1/1
   484 | D:1      | Reached XP level 3. HP: 25/33 MP: 2/2
   600 | D:1      | Reached ** piety under Trog
   837 | D:2      | Reached skill level 5 in Axes
   839 | D:2      | Found a blossoming altar of Fedhas.
  1042 | D:2      | Reached skill level 1 in Ranged Weapons
  1042 | D:2      | Reached XP level 4. HP: 40/41 MP: 3/3
  1579 | D:3      | Found a hide-covered altar of Uskayaw.
  1618 | D:3      | Reached XP level 5. HP: 44/47 MP: 4/4
  1708 | D:3      | Found a runed translucent door.
  1709 | D:3      | Noticed Crazy Yiuf
  1877 | D:3      | Found Rerphim's General Store.
  1894 | D:3      | Bought a scroll of identify for 26 gold pieces
  1914 | D:3      | Noticed Ijyb
  1914 | D:3      | Noticed Robin
  1962 | D:3      | Killed Ijyb
  3285 | D:3      | Killed Robin
  3286 | D:3      | Reached skill level 6 in Axes
  3307 | D:3      | Found a bloodstained altar of Trog.
  3413 | D:3      | Reached skill level 5 in Fighting
  3414 | D:3      | Reached XP level 6. HP: 56/56 MP: 5/5
  3737 | D:3      | Killed Crazy Yiuf
  4716 | D:5      | Entered Level 5 of the Dungeon
  4805 | D:5      | Reached skill level 7 in Axes
  4814 | D:5      | Reached XP level 7. HP: 61/61 MP: 6/6
  5352 | D:5      | Reached skill level 5 in Ranged Weapons
  5526 | D:5      | Reached skill level 8 in Axes
  5569 | D:5      | Found a runed translucent door.
  5570 | D:5      | Noticed oldplebian's ghost (novice MfGl)
  5753 | D:5      | Reached XP level 8. HP: 70/70 MP: 7/7
  6321 | D:6      | Reached *** piety under Trog
  6403 | D:6      | Found a staircase to the Ecumenical Temple.
  6709 | D:6      | Reached skill level 9 in Axes
  7316 | D:7      | Found Zehomn's Antique Weapon Shop.
  7319 | D:7      | Reached XP level 9. HP: 78/79 MP: 8/8
  7334 | D:7      | Bought a runed longbow for 190 gold pieces
  7334 | D:7      | Bought a war axe for 70 gold pieces
  7419 | D:7      | Reached skill level 10 in Axes
  7652 | D:7      | Noticed Grum
  7661 | D:7      | Killed Grum
  7770 | D:8      | Reached **** piety under Trog
  8217 | D:8      | Reached skill level 11 in Axes
  8262 | D:8      | Noticed a komodo dragon
  8510 | D:8      | Killed a komodo dragon
  8574 | D:8      | Found a transporter.
  8574 | D:8      | Found a basalt altar of Yredelemnul.
  8574 | D:8      | Found an ancient bone altar of Kikubaaqudgha.
  8574 | D:8      | Found the +5 Lochaber axe {reach-cleave, Poleaxe Drain}
  8576 | D:8      | Noticed Maurice
  8591 | D:8      | Killed Maurice
  8659 | D:8      | Noticed a flayed ghost
  8680 | D:8      | Found a transporter.
  8767 | D:8      | Found a white marble altar of Elyvilon.
  8768 | D:8      | Found an opulent altar of Gozag.
  8836 | D:8      | Reached XP level 10. HP: 75/89 MP: 9/9
  9197 | D:9      | Reached skill level 12 in Axes
  9198 | D:9      | Reached skill level 10 in Ranged Weapons
  9201 | D:9      | Paralysed by a hornet for 1 turns
  9387 | D:9      | Noticed a necromancer
  9394 | D:9      | Killed a necromancer
 10524 | D:9      | Found a runed translucent gate.
 10524 | D:9      | Found a runed translucent gate.
 10526 | D:9      | Found a runed translucent gate.
 10527 | D:9      | Noticed a ten-headed hydra
 10527 | D:9      | Noticed GigaChad's ghost (novice FoFi)
 10552 | D:10     | Entered Level 10 of the Dungeon
 10626 | D:10     | Found a staircase to the Orcish Mines.
 10776 | Orc:1    | Entered Level 1 of the Orcish Mines
 10859 | Orc:2    | Entered Level 2 of the Orcish Mines
 10946 | Orc:1    | Noticed an orc knight
 10953 | Orc:1    | Reached skill level 13 in Axes
 11041 | Orc:2    | Killed an orc knight
 11284 | Orc:1    | Found a dark tunnel.
 11291 | Volcano  | Entered a volcano
 11302 | Volcano  | Gained mutation: A frigid envelope surrounds you and
                  | freezes all who hurt you. [potion of mutation]
 11302 | Volcano  | Gained mutation: Your flesh is cold resistant. (rC+)
                  | [potion of mutation]
 11302 | Volcano  | Gained mutation: You are partially covered in iridescent
                  | scales. (AC +2) [potion of mutation]
 11302 | Volcano  | Gained mutation: You have supernaturally acute eyesight.
                  | (SInv) [potion of mutation]
 11449 | Volcano  | Reached XP level 11. HP: 60/99 MP: 10/10
 11454 | Volcano  | Reached skill level 10 in Fighting
 11604 | Volcano  | Noticed a sun demon
 11611 | Volcano  | Killed a sun demon
 11677 | Volcano  | Noticed a sun demon
 11677 | Volcano  | Noticed a sun demon
 11680 | Volcano  | Noticed a fire dragon
 11684 | Volcano  | Killed a sun demon
 11685 | Volcano  | Reached skill level 14 in Axes
 11686 | Volcano  | Killed a sun demon
 11692 | Volcano  | Killed a fire dragon
 11986 | Orc:1    | Found Hebeniaf's Assorted Antiques.
 12445 | Orc:1    | Noticed Nergalle
 12451 | Orc:1    | Noticed a spectral orc warlord
 12457 | Orc:1    | Killed Nergalle
 12645 | Orc:2    | Noticed an orc sorcerer
 12647 | Orc:2    | Paralysed by an orc sorcerer for 2 turns
 12649 | Orc:2    | Noticed a sun demon
 12651 | Orc:2    | Killed an orc sorcerer
 12841 | Orc:2    | Found a staircase to the Elven Halls.
 12882 | Orc:2    | Found Buutem's Antique Armour Shoppe.
 12944 | Orc:2    | Noticed an orc sorcerer
 12951 | Orc:2    | Killed an orc sorcerer
 13016 | Orc:2    | Reached skill level 15 in Axes
 13060 | Orc:2    | Noticed an orc knight
 13061 | Orc:2    | Noticed an orc knight
 13091 | Orc:2    | Bought the +3 pair of gauntlets of War {Slay+5} for 1045
                  | gold pieces
 13091 | Orc:2    | Found the +3 pair of gauntlets of War {Slay+5}
 13100 | Orc:2    | Noticed an orc knight
 13176 | Orc:1    | Killed an orc knight
 13235 | Orc:1    | Killed an orc knight
 13236 | Orc:1    | Reached XP level 12. HP: 110/110 MP: 11/11
 15449 | Orc:2    | Found Haigg's General Store.
 15449 | Orc:2    | Found Luyff's Antique Weapon Shoppe.
 15455 | Orc:2    | Bought a scroll of identify for 30 gold pieces
 15464 | Orc:2    | Reached skill level 16 in Axes
 15840 | Orc:2    | Found Wiomeul's Assorted Antiques.
 15840 | Orc:2    | Found Iruafresch's Armour Shoppe.
 15845 | Orc:2    | Bought 2 metallic dark potions for 45 gold pieces
 15845 | Orc:2    | Bought a scroll labelled OBRYMA URHAME for 25 gold pieces
 15991 | Orc:2    | Bought a clear potion for 22 gold pieces
 16374 | D:10     | Acquired the amulet "Esuullad" {Reflect rCorr SH+5}
 16764 | D:10     | Found a staircase to the Lair.
 16765 | D:10     | Noticed a death yak
 16766 | D:10     | Noticed a death yak
 16766 | D:10     | Noticed a death yak
 16783 | D:10     | Killed a death yak
 16789 | D:10     | Killed a death yak
 16793 | D:10     | Killed a death yak
 17279 | Lair:1   | Entered Level 1 of the Lair of Beasts
 17366 | Lair:1   | You fall into a shaft and drop 1 floor!
 17419 | Lair:1   | Reached skill level 1 in Evocations
 17439 | Lair:1   | Reached ***** piety under Trog
 17446 | Lair:1   | Reached XP level 13. HP: 107/119 MP: 12/12
 17451 | Lair:1   | Reached skill level 17 in Axes
 17451 | Lair:1   | Reached skill level 15 in Ranged Weapons
 17584 | Lair:1   | Identified the +3 ring mail of Forking Paths {rN+ Regen+}
 18750 | Lair:2   | Found a staircase to the Snake Pit.
 19122 | Lair:2   | Received a gift from Trog
 19598 | Lair:3   | Reached skill level 18 in Axes
 19992 | Lair:3   | Reached XP level 14. HP: 129/129 MP: 13/13
 20223 | Lair:3   | Found a staircase to the Swamp.
 20702 | Lair:4   | Found a staircase to the Slime Pits.
 21341 | Lair:5   | Entered Level 5 of the Lair of Beasts
 21447 | Lair:5   | Found a frozen archway.
 21456 | IceCv    | Entered an ice cave
 21502 | IceCv    | Reached ****** piety under Trog
 21502 | IceCv    | Received a gift from Trog
 21503 | IceCv    | Reached skill level 5 in Evocations
 22294 | IceCv    | Reached skill level 19 in Axes
 22556 | IceCv    | Noticed a frost giant
 22576 | IceCv    | Killed a frost giant
 22662 | IceCv    | Identified the ring "Aklinowa" {rF- rN+ Str+3 Int+5}
 23331 | Lair:5   | Received a gift from Trog
 23759 | Lair:5   | Noticed Josephine
 23767 | Lair:5   | Killed Josephine
 24098 | Lair:5   | Reached XP level 15. HP: 128/139 MP: 14/14
 24340 | Lair:5   | Reached skill level 5 in Armour
 24639 | D:11     | Found a flickering gateway to a bazaar.
 24645 | Bazaar   | Entered a bazaar
 24645 | Bazaar   | Found Vepreid's Antique Armour Boutique.
 24645 | Bazaar   | Found Cute Nue's Weapon Shop.
 24645 | Bazaar   | Found Iqubugot's Armour Shop.
 24697 | D:11     | Found Ybruf's Mass Market.
 25328 | D:11     | Received a gift from Trog
 25575 | D:12     | Reached skill level 20 in Axes
 25575 | D:12     | Reached XP level 16. HP: 147/147 MP: 15/15
 26019 | D:12     | Found a transporter.
 26019 | D:12     | Found a transporter.
 26022 | D:12     | Noticed cheesebisquit's ghost (journeyman TrWr)
 26027 | D:12     | Found a bloodstained altar of Trog.
 26075 | D:12     | Found Zycusosu's Antique Weapon Shop.
 26408 | D:12     | Reached skill level 1 in Stealth
 26426 | D:12     | Killed cheesebisquit's ghost
 27084 | D:13     | Noticed Erolcha
 27091 | D:13     | Killed Erolcha
 27662 | D:13     | Found a gate to the Vaults.
 27668 | D:13     | Reached skill level 15 in Fighting
 28214 | D:14     | Found Pareilud's Firing Range.
 28220 | D:14     | Bought a +0 hand crossbow for 35 gold pieces
 29097 | D:15     | Entered Level 15 of the Dungeon
 29153 | D:15     | Reached skill level 21 in Axes
 29254 | D:15     | Found a gate leading to a gauntlet.
 29260 | Gauntlet | Entered a Gauntlet
 29260 | Gauntlet | Found a large runed translucent door.
 29260 | Gauntlet | Found a large runed translucent door.
 29260 | Gauntlet | Found a large runed translucent door.
 29260 | Gauntlet | Found a large runed translucent door.
 29260 | Gauntlet | Found a runed translucent door.
 29260 | Gauntlet | Found a large runed translucent door.
 29260 | Gauntlet | Found a large runed translucent door.
 29260 | Gauntlet | Found a transporter.
 29260 | Gauntlet | Found a transporter.
 29260 | Gauntlet | Found a large runed translucent door.
 29260 | Gauntlet | Found a large runed translucent door.
 29260 | Gauntlet | Found a runed translucent gate.
 29260 | Gauntlet | Found a runed translucent gate.
 29260 | Gauntlet | Found a transporter.
 29330 | Gauntlet | Found a runed translucent door.
 29330 | Gauntlet | Found a runed translucent gate.
 29332 | Gauntlet | Found a large runed translucent door.
 29332 | Gauntlet | Found a large runed translucent door.
 29332 | Gauntlet | Found a large runed translucent door.
 29332 | Gauntlet | Found a large runed translucent door.
 29333 | Gauntlet | Found a large runed translucent door.
 29333 | Gauntlet | Found a large runed translucent door.
 29334 | Gauntlet | Found a large runed translucent door.
 29334 | Gauntlet | Found a large runed translucent door.
 29353 | Gauntlet | Found a transporter.
 29363 | Gauntlet | Found a transporter.
 29364 | Gauntlet | Found a transporter.
 29913 | Gauntlet | Found a transporter.
 29926 | Gauntlet | Identified the ring "Wozax" {Ice Str+3 Dex+2}
 29929 | Gauntlet | Found a transporter.
 30001 | Gauntlet | Identified the staff of poison "Muugiuv" {rPois Str+2}
 30001 | Gauntlet | Identified the +3 leather armour of Qoemear {Regen+}
 30020 | D:15     | Identified the +4 scale mail of the Storm King {rElec rPois
                  | Str-5 Dex-4}
 30239 | D:15     | Found a runed translucent gate.
 30239 | D:15     | Found a runed translucent gate.
 30239 | D:15     | Found a runed translucent gate.
 30239 | D:15     | Noticed Itobb's ghost (adept FoFi)
 30457 | D:15     | Noticed Guh Rysug's ghost (journeyman DsGl)
 30458 | D:15     | Noticed Cyetsa's ghost (adept FoFi)
 30643 | D:15     | Killed Guh Rysug's ghost
 30650 | D:15     | Killed Cyetsa's ghost
 30653 | D:15     | Killed Itobb's ghost
 30875 | D:15     | Found a staircase to the Depths.
 31151 | D:5      | Killed oldplebian's ghost
 31300 | D:8      | Reached skill level 5 in Dodging
 31354 | D:8      | Identified the ring of the Yeti {Will+ Int+4}
 31410 | D:9      | Reached XP level 17. HP: 153/156 MP: 16/16
 31411 | D:9      | Killed GigaChad's ghost
 32047 | Elf:1    | Entered Level 1 of the Elven Halls
 32345 | Elf:1    | Found Wufuoss's Weapon Shoppe.
 32376 | Elf:1    | Bought a +2 arbalest of flaming for 321 gold pieces
 32395 | Elf:1    | Paralysed by an air elemental for 1 turns
 33409 | Elf:1    | Received a gift from Trog
 34671 | Elf:2    | Paralysed by an air elemental for 1 turns
 34676 | Elf:2    | Reached skill level 22 in Axes
 34676 | Elf:2    | Reached skill level 5 in Stealth
 34733 | Elf:2    | Received a gift from Trog
 35470 | Elf:2    | Found a runed translucent gate.
 35471 | Elf:2    | Found a runed translucent gate.
 35471 | Elf:2    | Found a runed translucent gate.
 35681 | Elf:3    | Entered Level 3 of the Elven Halls
 36041 | Elf:3    | Found a magical portal.
 36044 | WizLab   | Entered Eringya's Formal Garden
 36670 | WizLab   | Reached XP level 18. HP: 59/167 MP: 17/17
 36935 | WizLab   | Received a gift from Trog
 37553 | WizLab   | Found a blossoming altar of Fedhas.
 37652 | Elf:3    | Found Nal Usuy's Jewellery Boutique.
 37829 | Elf:3    | Bought the ring "Tozoomas" {rCorr Str+4 Int+2 Slay+2} for
                  | 816 gold pieces
 37952 | Elf:3    | Found a transporter.
 37955 | Elf:3    | Noticed Loveship's ghost (adept HOFi)
 37956 | Elf:3    | Found a transporter.
 38419 | Elf:3    | Reached skill level 10 in Armour
 39509 | Elf:3    | Identified the +9 trident of Vungant {vamp, Str+2 Int+7}
 39512 | Elf:3    | Identified the +5 morningstar "Ruoplyf" {flame, rN+ Str+2}
 39560 | Elf:3    | Acquired 1239 gold pieces
 39764 | Elf:3    | Reached skill level 23 in Axes
 40701 | Elf:3    | Noticed a Brimstone Fiend
 41624 | Elf:3    | Identified the +6 great sword of the Sixty-Six Tales
                  | {flame, Int+5 Dex+3}
 41624 | Elf:3    | Identified the +0 robe of Gywn {rF+ Int+5}
 42109 | Elf:3    | HP: 4/243 [deep elf sorcerer/bolt of acid (12)]
 42114 | Elf:3    | HP: 4/243 [poisoned by a deep elf annihilator (poison
                  | arrow)]
 42118 | Elf:3    | HP: 1/246 [poisoned by a deep elf sorcerer]
 42301 | Elf:3    | Identified the staff of death "Xitishon" {rF+ rN+ Str+3
                  | Int-5}
 42876 | Snake:1  | Entered Level 1 of the Snake Pit
 43078 | Snake:1  | Noticed Aizul
 43086 | Snake:1  | Killed Aizul
 43118 | Snake:1  | Found Dotapn's Jewellery Boutique.
 43118 | Snake:1  | Found Puihivem's Book Shop.
 43281 | Snake:1  | Found Xoalyucash's Armour Shop.
 43283 | Snake:1  | Found Pomo's Armour Boutique.
 43364 | Snake:1  | Found a broken altar of Ashenzari.
 43616 | Snake:1  | Found Cocaen's Armour Boutique.
 44501 | Snake:2  | You fall into a shaft and drop 1 floor!
 44947 | Snake:3  | HP: 2/170 [salamander/+0 trident (10)]
 45582 | Snake:2  | Reached XP level 19. HP: 160/177 MP: 18/18
 47818 | Snake:3  | Reached skill level 10 in Evocations
 48711 | Snake:3  | Received a gift from Trog
 49493 | Snake:4  | Entered Level 4 of the Snake Pit
 51128 | Snake:4  | Reached skill level 24 in Axes
 51240 | Snake:4  | Received a gift from Trog
 51615 | Snake:4  | Reached skill level 1 in Throwing
 52022 | Snake:4  | Noticed Vashnia
 52032 | Snake:4  | Killed Vashnia
 52388 | Snake:4  | Reached skill level 10 in Dodging
 56610 | Snake:4  | Got a serpentine rune of Zot
 57137 | Swamp:1  | Entered Level 1 of the Swamp
 57138 | Swamp:1  | Upgraded the game from 0.30-a0-1043-g60ff8d5f49 to
                  | 0.30-a0-1053-gbd8d5ba0ad
 57618 | Swamp:1  | Reached XP level 20. HP: 129/188 MP: 19/19
 58330 | Swamp:1  | Noticed Louise
 58347 | Swamp:1  | Killed Louise
 59741 | Swamp:2  | Reached skill level 5 in Throwing
 60367 | Swamp:2  | Identified the +2 glaive "Acorei Ytum" {protect, rCorr}
 60851 | Swamp:2  | Received a gift from Trog
 61553 | Swamp:3  | Upgraded the game from 0.30-a0-1053-gbd8d5ba0ad to
                  | 0.30-a0-1066-g63dfefce0d
 62038 | Swamp:4  | Entered Level 4 of the Swamp
 67049 | Swamp:4  | Reached skill level 10 in Stealth
 68208 | Swamp:4  | Got a decaying rune of Zot
 69184 | Elf:3    | Killed Loveship's ghost
 69838 | Vaults:1 | Entered Level 1 of the Vaults
 70444 | Vaults:1 | Received a gift from Trog
 70450 | Vaults:1 | Reached XP level 21. HP: 162/198 MP: 20/20
 72059 | Vaults:1 | Received a gift from Trog
 72922 | Vaults:2 | Noticed Bai Suzhen
 72940 | Vaults:2 | Killed Bai Suzhen
 73321 | Vaults:2 | Received a gift from Trog
 73521 | Vaults:2 | Noticed Donald
 73524 | Vaults:2 | Killed Donald
 73598 | Vaults:2 | Found a staircase to the Crypt.
 73618 | Crypt:1  | Entered Level 1 of the Crypt
 73646 | Crypt:1  | Reached skill level 25 in Axes
 74141 | Crypt:1  | Received a gift from Trog
 75209 | Crypt:2  | Reached XP level 22. HP: 209/209 MP: 21/21
 77929 | Crypt:3  | Entered Level 3 of the Crypt
 78446 | Crypt:3  | Found a staircase to the Tomb.
 78651 | Crypt:3  | Received a gift from Trog
 78871 | Crypt:3  | Identified the +11 halberd of Execution {antimagic, rC-
                  | Will+++ SInv}
 78922 | Crypt:3  | Reached skill level 10 in Throwing
 79357 | Crypt:3  | Reached skill level 26 in Axes
 79902 | Crypt:3  | Received a gift from Trog
 80599 | Crypt:3  | Noticed a dread lich
 80602 | Crypt:3  | Killed a dread lich
 80741 | Crypt:3  | Identified the staff of poison "Assuq" {rPois Str+4 Int+3
                  | Dex-5}
 80746 | Crypt:3  | Identified the ring of the Thistle {+Blink rPois rC- rN+}
 80746 | Crypt:3  | Identified the ring "Maduskol" {rN+ rCorr Dex+5}
 80746 | Crypt:3  | Identified the ring "Hoybilar" {rN+ Dex+3}
 80762 | Crypt:3  | Identified the +10 whip of Stickiness {freeze, Dex+3}
 80827 | Tomb:1   | Entered Level 1 of the Tomb of the Ancients
 82375 | Vaults:2 | Noticed Frederick
 82399 | Vaults:2 | Killed Frederick
 82827 | Vaults:2 | Received a gift from Trog
 82835 | Vaults:2 | Reached XP level 23. HP: 220/220 MP: 22/22
 83316 | Vaults:3 | Reached skill level 15 in Dodging
 83674 | Vaults:3 | Found a runed translucent gate.
 83674 | Vaults:3 | Found a runed translucent gate.
 83675 | Vaults:3 | Found a runed translucent gate.
 83675 | Vaults:3 | Noticed Midpoint's ghost (adept TrWr)
 83691 | Vaults:3 | Killed Midpoint's ghost
 84112 | Vaults:3 | Noticed Boris
 84119 | Vaults:3 | Killed Boris
 84525 | Vaults:3 | Identified the +5 hand axe of the Unseen Realm {heavy,
                  | rPois Str+5 Dex-5 Stlth+} (Trog gifted it to you on level 3
                  | of the Vaults)
 84525 | Vaults:3 | Received a gift from Trog
 84892 | Vaults:3 | Found a portal to a secret trove of treasure.
 85015 | Vaults:3 | Found Umikaif Xeu's Assorted Antiques.
 85074 | Vaults:4 | Reached skill level 27 in Axes
 85735 | Vaults:4 | Found Wety's Weapon Emporium.
 86638 | Vaults:4 | Received a gift from Trog
 86977 | Depths:1 | Entered Level 1 of the Depths
 87496 | Depths:1 | Found a gateway to Hell.
 87641 | Depths:1 | Found a shadowy altar of Dithmenos.
 87900 | Depths:1 | Found a blossoming altar of Fedhas.
 87909 | Depths:1 | Reached XP level 24. HP: 231/231 MP: 22/22
 88062 | Depths:1 | Found a one-way gateway to a ziggurat.
 88066 | Depths:1 | Paralysed by a floating eye for 3 turns
 88139 | Zig:1    | Entered Level 1 of a ziggurat
 88162 | Zig:2    | Entered Level 2 of a ziggurat
 88368 | Zig:3    | Entered Level 3 of a ziggurat
 88834 | Zig:4    | Entered Level 4 of a ziggurat
 88870 | Zig:4    | Identified the ring "Janereusta" {rF+ Slay+4}
 88876 | Zig:5    | Entered Level 5 of a ziggurat
 88887 | Zig:5    | Noticed a dread lich
 88899 | Zig:5    | Killed a dread lich
 88964 | Zig:6    | Entered Level 6 of a ziggurat
 89151 | Zig:6    | Identified the ring "Ymoupela" {rN+ SInv}
 89156 | Zig:7    | Entered Level 7 of a ziggurat
 89368 | Zig:7    | Found the +9 sword of Zonguldrok {reap}
 89405 | Depths:1 | Noticed Saint Roka
 89414 | Depths:1 | Killed Saint Roka
 89898 | Depths:1 | Received a gift from Trog
 90754 | Depths:2 | Found a one-way gate leading to the halls of Pandemonium.
 90835 | Depths:2 | Found a runed translucent gate.
 90835 | Depths:2 | Found a runed translucent gate.
 90835 | Depths:2 | Found a runed translucent gate.
 90838 | Depths:2 | Found an opulent altar of Gozag.
 90838 | Depths:2 | Found Neenaf's Assorted Antiques.
 90841 | Depths:2 | Found Lyenodo's Assorted Antiques.
 90841 | Depths:2 | Noticed Futuid's ghost (veteran MfSu)
 91856 | Depths:3 | Found a one-way gate to the infinite horrors of the Abyss.
 92510 | Depths:2 | Received a gift from Trog
 92526 | Depths:2 | Upgraded the game from 0.30-a0-1066-g63dfefce0d to
                  | 0.30-a0-1074-g5db6f66fbb
 94112 | Depths:3 | Reached XP level 25. HP: 224/240 MP: 22/22
 94942 | Depths:3 | Found a broken altar of Ashenzari.
 95003 | Depths:4 | Entered Level 4 of the Depths
 96393 | Depths:4 | Paralysed by a floating eye for 3 turns
 97295 | Depths:4 | Found a gate to the Realm of Zot.
 97485 | Depths:3 | Reached skill level 15 in Stealth
 98445 | Depths:4 | Found a hazy altar of Hepliaklqana.
 98479 | Depths:4 | Found Zin's Purification Station.
 98482 | Depths:4 | Found a glowing silver altar of Zin.
 99672 | Vaults:5 | Entered Level 5 of the Vaults
 99679 | Vaults:5 | Identified the +9 battleaxe of Trog's Wrath {flame, *Noise
                  | rC++ Str+4} (Trog gifted it to you on level 5 of the
                  | Vaults)
 99679 | Vaults:5 | Received a gift from Trog
 99689 | Vaults:5 | Noticed an ancient lich
 99944 | Vaults:4 | Killed an ancient lich
100256 | Vaults:5 | HP: 12/322 [shadow dragon/bolt of negative energy (52)]
100257 | Vaults:5 | Got a silver rune of Zot
100258 | Vaults:5 | Slain by a flayed ghost

Illustrated notes

Levels and vault maps discovered:
D:1:      dpeg_arrival_oval, layout_basic
D:2:      layout_basic, basic_altar, minmay_stone_trees_small,
          chequers_serial_rivers_room_b, corner_web_ring,
          minmay_large_rounded_square, minmay_box_of_dots
D:3:      layout_loops_ring, lightli_temple_of_fire, lemuel_tele_altar,
          serial_shops, shop_fountains, minmay_liquid_box, nicolae_goblin_pals,
          uniq_crazy_yiuf_cottage
D:4:      layout_loops_ring, serial_bayou, serial_bayou_lagoon_a,
          serial_bayou_pond_c, serial_bayou_crossing, serial_bayou_shore_a,
          serial_bayou_pond_d
D:5:      minmay_opposing_rooms, layout_loops_ring,
          ebering_ghost_reflecting_pool
D:6:      layout_basic, minmay_temple_entry_statues_pillars
D:7:      layout_cave_pools, serial_gnoll_camp, gnoll_camp_mini_basic,
          grums_kennel, gnoll_camp_mini_shop, gnoll_camp_mini_basic,
          minmay_misc_feat_columns
D:8:      layout_gridville, chequers_temple_overflow_statue_of_worship,
          gammafunk_temple_of_torment, uniq_maurice
D:9:      layout_loops_ring, gammafunk_ghost_hydra_chop, eino_house_with_fridge
D:10:     layout_stronghold, dpeg_lair_monsters, orc_0_dummy
D:11:     layout_basic, serial_shops, bzr_entry_safe, amcnicky_mini_pool_small,
          minmay_shop_mass, minmay_joined_circles
D:12:     layout_stronghold, serial_glass, glass_columns_b, glass_columns_c,
          gammafunk_ghost_wrathful_warriors, serial_shops, shop
D:13:     layout_loops_cross, grunt_vaults_entry_fortified, uniq_erolcha
D:14:     layout_irregular_city, nicolae_shop_firing_range
D:15:     hangedman_depths_entry_try_elsewhere_first, layout_loops_cross,
          gammafunk_ghost_cemetery, gauntlet_entry_generic
Lair:1:   layout_gridlike, grunt_forest_large_clearings
Lair:2:   layout_gridlike, minmay_snake_entry_six_corridors, grunt_megastairs_2
Lair:3:   layout_cave_shapes, minmay_swamp_entry_reptiles,
          infiniplex_staircase_pool_2
Lair:4:   layout_big_grid, slime_entry_1, minmay_holes, beast_lair_carwin_8
Lair:5:   minmay_lair_end_enchanted_forest, layout_regular_city,
          portal_ice_cave_entry_pillars_1, infiniplex_staircase_pool,
          uniq_josephine
Swamp:1:  layout_basic_swamp, nicolae_swamp_fairy_circle, swamp_pool3,
          uniq_louise
Swamp:2:  layout_basic_swamp, wheals_swamp_sinkhole
Swamp:3:  layout_basic_swamp, evilmike_swamp_ruin_house_6,
          nicolae_swamp_some_circles
Swamp:4:  swamp_basic_johnstein, layout_basic_swamp, swamp_pool4
Snake:1:  layout_rooms, serial_shops, nicolae_shop_waterfront,
          lemuel_oklob_altar, minmay_shoptagon, uniq_aizul
Snake:2:  layout_misc_corridors, nicolae_snake_slithery_hallway,
          nicolae_snake_gridmaze_squiggle
Snake:3:  layout_chambers, serial_bayou_shore_b
Snake:4:  snake_pit_salamanders_mu, layout_chambers, uniq_vashnia
Orc:1:    layout_diamond_mine, nicolae_volcano_entry_s_turn, serial_shops,
          nicolae_shop_window_shopping, basic_altar, uniq_nergalle
Orc:2:    st_orc_town, layout_caves, serial_shops, nicolae_shop_stone
Elf:1:    eino_elf_arrival_the_gate, layout_loops_ring, serial_shops,
          nicolae_shop_bloodbath_and_beyond, hangedman_elf_represent
Elf:2:    nicolae_elf_blades_crystal_corner, layout_onion_city
Elf:3:    grunt_elf_hall_asides, layout_geoelf_diagonals, mu_enter_wizlab_7,
          gammafunk_ghost_arena, serial_shops, nicolae_shop_trees,
          dk_noncrumbling_2
Vaults:1: vaults_mumra_hexcomb, nicolae_vaults_network_periphery,
          hangedman_vaults_pinch, nicolae_vaults_ninety_degrees,
          hangedman_vaults_maws, v_misc_12, layout_vaults_omnigrid
Vaults:2: hangedman_vaults_restitches, v_alt_pattern_2, st_lattice,
          minmay_crypt_entry_simple_statues, v_misc_22, vaults_mumra_lcd,
          hangedman_vaults_capsules, hangedman_vaults_slice, v_misc_16,
          v_misc_27, nicolae_vaults_triangles, layout_vaults_omnicross,
          uniq_bai_suzhen, uniq_frederick, uniq_donald
Vaults:3: ebering_ghost_rock_garden, nicolae_vaults_arrows,
          vaults_standard_mumra_lines, ontoclasm_vaults_bender,
          nicolae_vaults_network_star, v_rooms_1, grunt_vaults_hallway_long,
          v_rooms_3, nicolae_vaults_little_squares_5, vaults_dpeg_ring,
          nicolae_vaults_little_squares_6, ontoclasm_vaults_fault,
          hangedman_vaults_locks, v_misc_22, nicolae_vaults_little_squares_1,
          layout_vaults_maze, nicolae_trove_entry_diagonal, serial_shops, shop,
          uniq_boris
Vaults:4: grunt_vaults_swirl, vaults_room_hallway,
          nicolae_vaults_know_your_exits, grunt_vaults_hallway_short, v_misc_28,
          vaults_room_stairs_pillars, nicolae_vaults_hallways_thing,
          v_alt_pattern_2, vaults_standard_mumra_enter_the_diamond, v_pattern_1,
          v_misc_5, ontoclasm_vaults_gateway, grunt_vaults_focal, v_misc_14,
          layout_vaults_omnibox, serial_shops, shop
Vaults:5: serial_shops
Crypt:1:  layout_chaotic_city, chequers_hall_statues_y
Crypt:2:  layout_basic, hangedman_weighted_door, grunt_megastairs_3
Crypt:3:  due_elkab, layout_chaotic_city, minivault_25, minivault_23,
          grunt_ministairs_8
Tomb:1
Depths:1: layout_basic, enter_ziggurat_c, fedhas_altar_1,
          pf_hell_entry_great_geh, grunt_dithmenos_smoke_and_mirrors,
          grunt_megastairs_1, uniq_saint_roka
Depths:2: minmay_open_boxes_in_corner, layout_long_grid, ebering_ghost_gozag,
          grunt_pan_entry_spiral, minmay_door_square, hell_entry,
          kennysheep_random_hallway
Depths:3: dreamdust_hydra_shepherd, layout_cave_pools,
          nicolae_ashenzari_skybound, abyss_entry, hell_entry
Depths:4: evilmike_zot_entry_diamond, layout_cave_shapes,
          nicolae_hepliaklqana_hippocampus, grunt_hell_entry_demonic_statue,
          zin_purify

Skill      XL: |  1  2  3  4  5  6  7  8  9 10 11 12 13 14 15 16 17 18 19 20 21 22 23 24 25 |
---------------+----------------------------------------------------------------------------+-----
Axes           | 4 5 6 7 8 9 11 13 15 16 18 19 20 21 22 23 24 25 26 27 | 27.0
Fighting       | 4 5 6 7 8 9 11 12 13 14 15 16 17 18 19 20 21 22 23 | 23.5
Ranged Weapons | 1 2 3 4 5 7 9 11 13 14 16 17 18 19 20 21 | 21.1
Evocations     | 1 4 6 7 8 9 11 12 13 | 13.9
Armour         | 4 5 7 9 11 12 13 14 | 14.7
Stealth        | 3 5 7 8 10 11 12 13 14 15 | 15.3
Dodging        | 5 7 9 10 12 13 14 16 17 18 | 18.1
Throwing       | 4 7 9 10 | 10.0

Action                     |  1- 3 |  4- 6 |  7- 9 | 10-12 | 13-15 | 16-18 | 19-21 | 22-24 | 25-27 || total
---------------------------+-------+-------+-------+-------+-------+-------+-------+-------+-------++-------
  Melee: Hand axe          |    85 |    12 |       |       |       |       |       |       |       ||    97
         Headbutt          |     6 |    24 |    52 |    50 |    71 |    77 |   103 |   114 |     8 ||   505
         Flail             |       |   137 |       |       |       |       |       |       |       ||   137
         Trident           |       |     3 |   231 |       |       |       |       |       |       ||   234
         Punch             |       |     1 |     5 |       |       |       |       |       |       ||     6
         War axe           |       |       |    73 |   127 |       |       |       |       |       ||   200
         Executioner's axe |       |       |       |   135 |   393 |   411 |   412 |   463 |    43 ||  1857
         Dire flail        |       |       |       |       |     3 |       |       |       |       ||     3
   Fire: Sling             |       |    62 |    36 |       |       |       |       |       |       ||    98
         Longbow           |       |       |    52 |   298 |   278 |    56 |       |       |       ||   684
         Hand crossbow     |       |       |       |       |       |    74 |       |       |       ||    74
         Arbalest          |       |       |       |       |       |   436 |   913 |   664 |   156 ||  2169
  Throw: Stone             |     3 |       |       |     2 |       |       |       |       |       ||     5
         Dart              |       |       |     5 |     1 |    12 |       |       |       |       ||    18
         Boomerang         |       |       |       |       |       |     1 |    12 |    18 |     4 ||    35
 Invoke: Berserk           |       |     5 |     3 |    10 |     2 |    11 |     7 |     8 |     2 ||    48
         Trog's Hand       |       |     4 |     2 |    17 |     9 |    34 |    19 |    26 |     7 ||   118
         Brothers in Arms  |       |       |       |       |       |     4 |     1 |     4 |     1 ||    10
  Evoke: Wand              |       |     2 |     1 |     5 |     5 |     4 |     7 |     8 |     1 ||    33
         Tin of tremorston |       |       |       |       |       |       |       |     2 |     2 ||     4
    Use: Scroll            |     1 |     5 |    11 |     8 |    13 |    12 |     6 |     9 |     4 ||    69
         Potion            |       |       |       |     2 |     3 |     9 |     3 |     2 |     1 ||    20
   Stab: Invisible         |       |       |       |       |       |     2 |       |     3 |       ||     5
         Distracted        |       |       |       |       |       |     1 |     1 |       |       ||     2
         Paralysed         |       |       |       |       |       |       |     2 |     2 |       ||     4
 Armour: Animal skin       |    14 |       |       |       |       |       |       |       |       ||    14
         Ring mail         |    16 |     4 |       |       |       |       |       |       |       ||    20
         Plate armour      |       |   122 |    73 |   101 |   353 |   361 |   148 |   419 |    43 ||  1620
         Chain mail        |       |       |   130 |   133 |       |       |       |       |       ||   263
         Ice dragon scales |       |       |       |       |     9 |       |       |       |       ||     9
         Scale mail        |       |       |       |       |       |    20 |   197 |    24 |       ||   241
         Fire dragon scale |       |       |       |       |       |       |       |     2 |    12 ||    14
  Dodge: Dodged            |    77 |    66 |   128 |   157 |   150 |   206 |   316 |   418 |    46 ||  1564
  Block: Other             |       |       |       |     9 |    93 |   118 |   116 |   129 |    13 ||   478
         Reflection        |       |       |       |       |     6 |    46 |    23 |    18 |     2 ||    95

Table legend: (Time is in decaauts)
 A = Elapsed time spent in this place.
 B = Non-inter-level travel time spent in this place.
 C = Inter-level travel time spent in this place.
 D = Time resting spent in this place.
 E = Time spent auto-exploring this place.
 F = Levels seen in this place.
 G = Mean time per level.
                   A        B        C        D        E       F      G
               +--------+--------+--------+--------+--------+-----+--------+
         Total | 101413 |  96331 |   5082 |  50825 |  32325 |  58 | 1748.5 |
       Dungeon |  19830 |  17526 |   2304 |   4466 |  10167 |  15 | 1322.0 |
          Lair |   6206 |   5637 |    569 |    358 |   4194 |   5 | 1241.2 |
         Swamp |  11761 |  11461 |    300 |   8459 |   2218 |   4 | 2940.2 |
     Snake Pit |  14271 |  14022 |    249 |  10484 |   2591 |   4 | 3567.8 |
  Orcish Mines |   5237 |   5011 |    226 |   3180 |    843 |   2 | 2618.5 |
   Elven Halls |   9901 |   9444 |    457 |   5985 |   1881 |   3 | 3300.3 |
        Vaults |   8750 |   8274 |    476 |   2781 |   4166 |   5 | 1750.0 |
         Crypt |   7245 |   7011 |    234 |   3365 |   2739 |   3 | 2415.0 |
          Tomb |   1313 |   1257 |     56 |    829 |      4 |   1 | 1313.0 |
        Depths |  11112 |  10905 |    207 |   7246 |   2590 |   4 | 2778.0 |
      Ziggurat |   1278 |   1278 |      0 |    869 |    137 |   7 |  182.6 |
        Bazaar |     11 |     11 |      0 |      0 |      0 |   1 |   11.0 |
      Ice Cave |   1487 |   1487 |      0 |    785 |    445 |   1 | 1487.0 |
       Volcano |    650 |    650 |      0 |    355 |     42 |   1 |  650.0 |
        Wizlab |   1599 |   1599 |      0 |   1003 |    295 |   1 | 1599.0 |
      Gauntlet |    755 |    755 |      0 |    656 |     10 |   1 |  755.0 |
               +--------+--------+--------+--------+--------+-----+--------+

Top non-repeatable levels by time:
 Snake:4: 7538 daAuts
 Swamp:4: 6541 daAuts
   Elf:3: 5986 daAuts
Depths:4: 4283 daAuts
   Orc:2: 4028 daAuts
 Snake:2: 3617 daAuts
 Crypt:2: 3050 daAuts
 Crypt:3: 2976 daAuts
Depths:3: 2601 daAuts
     D:3: 2325 daAuts
Vaults:4: 2319 daAuts
Vaults:1: 2300 daAuts
Depths:2: 2294 daAuts
   Elf:1: 2231 daAuts
 Snake:3: 2136 daAuts
